Map: Prion Terraces

Players

LilDicky - Winner!

  • Race: Terran Terran
  • League: Diamond

HardlyNever

  • Race: Protoss Protoss
  • League: Diamond

VOD

http://www.twitch.tv/tumescentpie

Description

Time

  • Played on: Dec. 5, 2015, 5:35 p.m.
  • Length: 7:25
Show
View Real Time Build Order
Export as new Build Order

LilDicky Terran - Winner!

Build Orders: MMM Bio 

Get SALT Encoding   

  12  0:01  SCV  
  13  0:13  SCV  
  14  0:18  Supply Depot  
  14  0:25  SCV  
  15  0:35  Refinery  
  15  0:40  SCV  
  16  0:46  Barracks  
  16  0:52  SCV  
  17  1:04  SCV  
  18  1:16  SCV  
  20  1:34  Orbital Command  
  20  1:37  Marine  
  20  1:38  Supply Depot  
  20  1:48  Factory  
  20  1:57  Marine  
  21  2:05  Barracks  
  21  2:09  Barracks  
  21  2:14  Refinery  
  22  2:15  SCV  
  22  2:20  Barracks Reactor  
  22  2:31  Supply Depot  
  22  2:37  SCV  
  23  2:49  SCV  
  24  2:54  Barracks Tech Lab  
  24  2:55  Barracks Tech Lab  
  24  2:56  Marine  
  24  2:57  Marine  
  26  3:01  SCV  
  26  3:03  Widow Mine  
  28  3:09  Supply Depot  
  28  3:13  SCV, Stimpack  
  28  3:14  Combat Shields  
  28  3:17  Marine  
  30  3:20  Marine  
  30  3:22  Marine  
  30  3:23  Marine  
  33  3:32  Widow Mine  
  35  3:43  Marine x2  
  35  3:44  Marauder, Marine  
  35  3:47  SCV  
  41  3:53  Starport  
  41  3:59  SCV  
  40  4:18  Marine  
  40  4:19  Marine  
  40  4:21  Marine x2  
  44  4:30  Medivac  
  44  4:34  Supply Depot  
  44  4:36  SCV  
  45  4:39  Marauder  
  45  4:40  Marine x2  
  45  4:41  Marauder  
  51  4:46  Supply Depot  
  51  4:51  Concussive Shells  
  51  4:58  Marine  
  52  5:00  Medivac  
  54  5:08  Marine  
  54  5:09  Marauder, Marine  
  58  5:16  Supply Depot  
  52  5:37  Marine  
  52  5:38  Marauder x2  
  46  6:04  Marine x2  
  46  6:05  Marauder  
  46  6:07  Marine  
  45  6:22  Marine x2  
  48  6:26  Marauder x2  
  47  6:40  Marine  
  46  6:47  Marauder  
  46  6:48  Marine  
  46  6:49  Marine  
Show
View Real Time Build Order
Export as new Build Order

HardlyNever Protoss 

Build Orders: 1 Gate Expand 

Get SALT Encoding   

  12  0:01  Probe (Chrono Boost)  
  13  0:11  Probe (Chrono Boost)  
  14  0:18  Pylon  
  14  0:22  Probe (Chrono Boost)  
  15  0:36  Probe (Chrono Boost)  
  15  0:37  Gateway  
  16  0:47  Probe (Chrono Boost)  
  17  0:57  Probe (Chrono Boost)  
  18  1:13  Nexus  
  18  1:19  Assimilator  
  18  1:20  Probe (Chrono Boost)  
  19  1:34  Cybernetics Core  
  19  1:35  Probe (Chrono Boost)  
  20  1:40  Assimilator  
  20  1:46  Probe (Chrono Boost)  
  21  1:56  Probe (Chrono Boost)  
  21  2:00  Gateway  
  22  2:08  Probe (Chrono Boost)  
  22  2:19  Probe (Chrono Boost)  
  23  2:25  Pylon  
  23  2:28  Adept  
  23  2:29  Mothership Core (Chrono Boost)  
  27  2:32  Probe (Chrono Boost)  
  27  2:34  Warp Gate  
  28  2:42  Probe (Chrono Boost)  
  29  2:48  Probe (Chrono Boost)  
  30  3:00  Robotics Facility  
  30  3:01  Probe x2 (Chrono Boost)  
  32  3:11  Stalker, Probe x2 (Chrono Boost)  
  36  3:20  Assimilator  
  36  3:21  Pylon  
  36  3:22  Probe x2 (Chrono Boost)  
  36  3:25  Sentry  
  40  3:32  Probe x2 (Chrono Boost)  
  42  3:42  Probe (Chrono Boost)  
  42  3:43  Probe (Chrono Boost)  
  42  3:47  Observer (Chrono Boost)  
  39  3:50  Stalker  
  41  4:02  Pylon  
  40  4:34  Warp Prism (Chrono Boost)  
  40  4:37  Probe  
  43  4:41  Probe  
  44  4:47  Adept x2  
  44  4:49  Probe  
  44  4:52  Probe  
  50  5:00  Pylon  
  50  5:01  Probe  
  50  5:02  Probe  
  52  5:08  Adept  
  52  5:13  Probe  
  55  5:15  Immortal (Chrono Boost), Probe  
  60  5:25  Probe  
  60  5:27  Stalker  
  63  5:32  Adept  
  53  5:53  Stalker  
  53  5:54  Adept  
  47  6:17  Adept x2  
  23  6:42  Stalker x2  
  27  6:50  Probe  
  27  6:51  Probe  
Tags
 
Add a new tag
Caveats
  • Supply blocks, unpowered buildings, or Contaminate may cause inaccurate times.
  • Supply counts are checked every 10 seconds.